 Dungeon Crawl Stone Soup version 0.23.2-1-ga50397a6bc (webtiles) character file.

Game seed: 7749810827442067712

43 MisterOstroum the Caller (level 3, -1/27 HPs)
             Began as a Draconian Summoner on Apr 28, 2019.
             Slain by a worm (7 damage)
             ... on level 2 of the Dungeon.
             The game lasted 00:04:55 (1878 turns).

MisterOstroum the Caller (Draconian Summoner)       Turns: 1878, Time: 00:04:56

Health: -1/27      AC:  5    Str: 10    XL:     3   Next: 37%
Magic:  7/7        EV: 12    Int: 16    God:
Gold:   20         SH:  0    Dex: 11    Spells: 1/7 levels left

rFire    . . .     SeeInvis .   b - +0 club
rCold    . . .     Gourm    .   (no shield)
rNeg     . . .     Faith    .   (armour unavailable)
rPois    .         Spirit   .   (helmet restricted)
rElec    .         Reflect  .   (no cloak)
rCorr    .         Harm     .   (no gloves)
MR       .....                  (no boots)
Stlth    ++........             (no amulet)
HPRegen  0.09/turn              (no ring)
MPRegen  0.10/turn              (no ring)

@: no status effects
A: unfitting armour, cold-blooded, AC +5
a: no special abilities


You were on level 2 of the Dungeon.
You were not hungry.

You visited 1 branch of the dungeon, and saw 2 of its levels.

You collected 20 gold pieces.

Inventory:

Hand Weapons
 b - a +0 club (weapon)
Missiles
 h - 19 stones (quivered)
Scrolls
 d - a scroll of identify {unknown}
 f - a scroll of fog {unknown}
 i - 2 scrolls of remove curse {unknown}
Potions
 a - a potion of degeneration {unknown}
 c - a potion of haste {unknown}
 g - a potion of curing {unknown}
 j - a potion of agility {unknown}
 k - a potion of lignification {unknown}
Comestibles
 e - a ration


   Skills:
 + Level 0.4 Fighting
 - Level 1.7 Dodging
 - Level 1.7 Stealth
 + Level 2.8 Spellcasting
 + Level 4.6 Summonings


You had one spell level left.
You knew the following spells:

 Your Spells              Type           Power        Failure   Level  Hunger
a - Summon Small Mammal   Summ           ###.         2%          1    #......
b - Call Imp              Summ           ###.....     4%          2    ##.....
c - Call Canine Familiar  Summ           ###.....     9%          3    ###....

Your spell library contained the following spells:

 Spells                   Type           Power        Failure   Level  Hunger
 Summon Guardian Golem    Hex/Summ       #.......     22%         3    ###....
 Summon Ice Beast         Ice/Summ       #.......     58%         4    #####..
 Summon Lightning Spire   Summ/Air       #.......     58%         4    #####..


Dungeon Overview and Level Annotations

Branches:
Dungeon (2/15)

Altars:


Innate Abilities, Weirdness & Mutations

Your plain brown scales are hard. (AC +5)
You cannot fit into any form of body armour.
You are cold-blooded and may be slowed by cold attacks.


Message History

You feel sick.
You feel sick.
You are no longer poisoned.
You are too injured to fight recklessly!
You are too injured to fight recklessly!
You are too injured to fight recklessly!
You closely miss the rat. The rat misses you. The rat barely misses you.
You hit the rat.
You kill the rat!
Your rat disappears in a puff of smoke!
You open the door.
There is an open door here.
A rat comes into view.
You hit the rat.
You kill the rat!
Found a stone staircase leading down.
There is a stone staircase leading down here.
Found 13 gold pieces.
You now have 20 gold pieces (gained 13).
Found an escape hatch in the ceiling.
You are starving!
Found a scroll labeled TYGGAGUUTA.
There is an escape hatch in the ceiling here.
A frilled lizard comes into view.
Found 3 gold pieces.
A worm comes into view.
The frilled lizard hisses angrily.
The frilled lizard barely misses you.
You hit the frilled lizard but do no damage.
The frilled lizard bites you but does no damage.
You miss the frilled lizard. The frilled lizard misses you.
The frilled lizard barely misses you.
You hit the frilled lizard.
The frilled lizard is heavily wounded.
The frilled lizard misses you.
You miss the frilled lizard.
The frilled lizard is heavily wounded.
The frilled lizard barely misses you.
You hit the frilled lizard.
You kill the frilled lizard!
Throwing (i - inventory)
h - 20 stones (quivered)
Press: ? - help, Shift-Dir - straight line, f - worm
Aim: a worm You throw a stone.
The stone barely misses the worm.
You hit the worm but do no damage. You hit the worm but do no damage.
The worm closely misses you.
You hit the worm.
Your tail-slap misses the worm.
The worm is lightly wounded.
The worm bites you but does no damage.
You hit the worm. You tail-slap the worm.
The worm is moderately wounded.
You hit the worm but do no damage.
The worm is moderately wounded.
The worm bites you but does no damage.
You hit the worm but do no damage.
The worm is lightly wounded.
The worm closely misses you.
You hit the worm.
The worm is lightly wounded.
The worm barely misses you.
You hit the worm but do no damage.
The worm is lightly wounded.
The worm bites you but does no damage.
You hit the worm but do no damage.
The worm is lightly wounded.
You hit the worm but do no damage.
The worm is lightly wounded.
The worm bites you.
You hit the worm but do no damage. The worm barely misses you.
You hit the worm but do no damage. The worm misses you.
You hit the worm but do no damage. You hit the worm.
The worm is lightly wounded.
The worm misses you.
You barely miss the worm.
You tail-slap the worm, but do no damage.
The worm closely misses you.
You hit the worm but do no damage. The worm bites you but does no damage.
You hit the worm but do no damage. You tail-slap the worm.
The worm is lightly wounded.
The worm bites you!
You completely miss the worm.
The worm is lightly wounded.
You hit the worm.
You tail-slap the worm, but do no damage.
The worm is lightly wounded.
The worm bites you!
* * * LOW HITPOINT WARNING * * *
You hit the worm but do no damage.
The worm is lightly wounded.
The worm closely misses you.
You hit the worm but do no damage. The worm misses you.
You hit the worm but do no damage.
You tail-slap the worm, but do no damage.
The worm bites you but does no damage.
You hit the worm but do no damage.
You tail-slap the worm, but do no damage.
You eat one of the 2 rations.
That ration really hit the spot!
The worm bites you!
You die...

######### #........
..#.##........
#.#.##..$..... ########
#.#.##........ .......##
#.#.##........ ######..#
#.#.##@w(..... ##.#
#.#.##........
#######.###.#.##....?...
.............<..........
###.........#.##........
#........##+####+#####
###........#
.##.?......#
.##.$......#


You could see a worm.

Vanquished Creatures
  An adder (D:2)
  2 dart slugs
  2 leopard geckos
  2 goblins (D:1)
  2 hobgoblins (D:1)
  2 kobolds (D:1)
  4 bats (D:1)
  2 frilled lizards
  4 rats
21 creatures vanquished.

Vanquished Creatures (collateral kills)
  An adder (D:2)
  2 oozes
3 creatures vanquished.

Grand Total: 24 creatures vanquished

Notes
Turn   | Place    | Note
-------+----------+-------------------------------------------
     0 | D:1      | MisterOstroum the Draconian Summoner began the quest for
                  | the Orb.
     0 | D:1      | Reached XP level 1. HP: 14/14 MP: 3/3
   454 | D:1      | Reached XP level 2. HP: 20/20 MP: 1/5
  1538 | D:2      | Reached XP level 3. HP: 26/26 MP: 2/7
  1546 | D:2      | Learned a level 2 spell: Call Imp
  1550 | D:2      | Learned a level 3 spell: Call Canine Familiar
  1878 | D:2      | Slain by a worm

Action                   || total
-------------------------++-------
Melee: Club              ||   112
       Unarmed           ||    13
       Tailslap          ||    15
Throw: Stone             ||     1
 Cast: Summon Small Mamm ||     7
 Stab: Sleeping          ||     6
       Distracted        ||     1
  Eat: Chunk             ||     1
       Ration            ||     1
Armor: Skin              ||    35
Dodge: Dodged            ||    94
